Map: Ruines de Seras

Players

lllllllllll - Winner!

  • Race: Zerg Zerg
  • League: Diamond

Worming

  • Race: Zerg Zerg
  • League: Platinum

VOD

Have the link to the VOD?

Description

Time

  • Played on: Nov. 12, 2015, 12:24 p.m.
  • Length: 11:08
Show
View Real Time Build Order
Export as new Build Order

lllllllllll Zerg - Winner!

Build Orders: Pool First, Zergling Baneling 

Get SALT Encoding   

  12  0:00  Drone  
  13  0:08  Extractor  
  13  0:12  Drone  
  13  0:16  Drone  
  14  0:36  Spawning Pool  
  14  0:38  Drone  
  14  0:49  Overlord  
  14  1:00  Drone, Extractor  
  15  1:08  Drone x2  
  17  1:22  Metabolic Boost  
  17  1:27  Queen  
  19  1:36  Baneling Nest  
  19  1:40  Zergling x2  
  19  1:43  Zergling x2  
  20  1:48  Zergling x2  
  20  1:51  Zergling x2  
  22  1:59  Evolution Chamber  
  21  2:02  Zergling x2  
  22  2:21  Overlord  
  22  2:28  Zerg Ground Armor Level 1  
  22  2:39  Zergling x6  
  22  2:41  Zergling x2  
  26  2:50  Zergling x2  
  27  3:04  Zergling x2  
  28  3:06  Zergling x4  
  30  3:12  Overlord  
  30  3:19  Baneling x3  
  30  3:20  Baneling x2  
  30  3:21  Baneling  
  30  3:32  Zergling x4  
  32  3:44  Zergling x6  
  32  3:59  Zergling x6  
  32  4:03  Baneling x3  
  32  4:09  Baneling  
  32  4:15  Drone  
  25  4:37  Zergling x6  
  26  4:44  Drone  
  26  4:55  Drone  
  26  4:57  Drone  
  26  5:03  Drone  
  27  5:08  Baneling x2  
  27  5:11  Baneling  
  27  5:22  Baneling x2  
  27  5:23  Drone  
  27  5:26  Drone  
  27  6:07  Baneling x3  
  27  6:08  Zergling x12  
  33  6:23  Zergling x2  
  33  6:26  Baneling x2  
  26  6:53  Zergling x4  
  26  6:54  Zergling x8  
  30  6:55  Baneling x3  
  29  7:14  Baneling x2  
  29  7:15  Baneling, Zergling x2  
  30  7:17  Zergling x2  
  29  7:35  Baneling x2, Zergling x2  
  29  7:36  Zergling x6  
  30  7:54  Zergling x2  
  31  8:00  Zergling x4  
  33  8:08  Hatchery  
  27  8:31  Zergling x6  
  26  8:36  Zergling x6  
  27  8:45  Baneling x4  
  27  8:46  Baneling  
  27  8:47  Zergling x2  
  28  8:53  Zergling x2  
  28  8:55  Baneling  
  27  9:16  Zergling x6  
  27  9:22  Drone x2  
  29  9:24  Drone  
  29  9:30  Drone  
  30  9:35  Drone  
  31  9:38  Drone  
  31  9:44  Drone  
  29  10:14  Zergling x6  
  29  10:15  Zergling x10  
  35  10:43  Zergling x6  
Show
View Real Time Build Order
Export as new Build Order

Worming Zerg 

Build Orders: Hatch First, Zergling Baneling 

Get SALT Encoding   

  12  0:01  Drone  
  13  0:12  Overlord  
  13  0:21  Drone  
  14  0:31  Drone x2  
  16  0:35  Drone  
  17  0:55  Hatchery  
  16  0:59  Drone  
  17  1:07  Extractor  
  17  1:08  Drone  
  17  1:19  Spawning Pool  
  17  1:20  Drone  
  17  1:25  Drone  
  18  1:35  Drone  
  18  1:39  Drone  
  20  1:51  Overlord  
  20  2:06  Queen x2  
  20  2:07  Zergling x2  
  20  2:08  Zergling x2  
  26  2:14  Metabolic Boost  
  26  2:18  Drone  
  26  2:21  Drone  
  28  2:28  Drone  
  29  2:31  Drone  
  29  2:35  Overlord  
  30  2:40  Baneling Nest  
  29  2:46  Drone  
  30  2:54  Queen  
  32  3:05  Drone  
  32  3:06  Drone x2  
  32  3:07  Drone x2  
  37  3:17  Zergling x2  
  37  3:18  Zergling x6  
  41  3:20  Zergling x2  
  41  3:23  Zergling x2  
  41  3:24  Zergling x2  
  41  3:26  Baneling  
  41  3:27  Baneling x3  
  44  3:31  Overlord  
  28  4:04  Zergling x14  
  35  4:11  Spine Crawler  
  35  4:13  Spine Crawler  
  35  4:17  Zergling x8  
  34  4:28  Baneling x2  
  34  4:29  Baneling  
  25  4:38  Queen  
  24  4:47  Baneling x3  
  24  4:53  Baneling x2  
  24  4:57  Baneling x3  
  23  5:01  Queen  
  23  5:03  Drone  
  27  5:14  Zergling x6  
  29  5:23  Overlord  
  29  5:35  Baneling  
  29  5:39  Extractor  
  28  5:48  Baneling  
  25  6:05  Drone x6  
  25  6:08  Baneling  
  30  6:12  Drone x3  
  33  6:27  Zergling x6  
  26  6:56  Baneling  
  26  6:57  Zergling x2  
  26  6:58  Zergling x12  
  33  7:14  Zergling x6  
  35  7:17  Baneling x3  
  27  7:38  Baneling x2  
  27  7:39  Spine Crawler  
  25  7:49  Spine Crawler  
  23  7:55  Lair  
  23  7:56  Drone x3  
  23  7:57  Roach Warren  
  24  8:01  Baneling x2  
  21  8:43  Roach  
  21  8:44  Roach x2  
  26  8:49  Roach  
  26  8:53  Glial Reconstitution  
  28  9:00  Roach  
  27  9:17  Drone  
  25  9:27  Drone x4  
  29  9:36  Drone x2  
  31  9:46  Drone x3  
  32  10:10  Zergling x4, Roach x3  
  17  10:45  Roach x2  
Tags
 
Add a new tag
Caveats
  • Supply blocks, unpowered buildings, or Contaminate may cause inaccurate times.
  • Supply counts are checked every 10 seconds.